[Event "Titled Tuesday Blitz August 16 Early 2022"]
[White "Martin, Lewis"]
[Black "Miszler, Levente"]
[WhiteFideId "410551"]
[BlackFideId "763276"]
[WhiteElo "2145"]
[BlackElo "1966"]
[Result "0-1"]
[Round "08"]
[TimeControl "180+2"]
[Date "2022.08.18"]
[WhiteClock "0:00:00"]
[BlackClock "0:00:00"]

1. e4 e6 2. d4 d5 3. Nd2 f5 4. exd5 exd5 5. Bd3 Nf6 6. f3 Bd6 7. Ne2 O-O 8. Nb3 Nh5 9. Be3 Re8 10. Qd2 Qe7 11. Bf2 Nf4 12. Nc1 Nxg2+ 13. Kf1 Ne3+ 14. Bxe3 Qxe3 15. Qxe3 Rxe3 16. Kf2 Re7 17. Ng3 g6 18. Nb3 Nc6 19. c3 Bd7 20. Rae1 Rae8 21. Rxe7 Rxe7 22. Nf1 Nd8 23. Ne3 c6 24. c4 Bf4 25. Ng2 Bc7 26. cxd5 cxd5 27. Rc1 Bc6 28. h4 Ne6 29. h5 Bb6 30. hxg6 hxg6 31. Nh4 Nxd4 32. Nxd4 Bxd4+ 33. Kg2 Kf7 34. b3 Kf6 35. f4 Be3 36. Rf1 d4+ 37. Kg3 Rh7 38. Nf3 Re7 39. Ne5 Bxf4+ 40. Kxf4 Rxe5 41. Rh1 Bxh1 0-1


[Site "https://www.chess.com"]

[Event "Titled Tuesday Blitz August 16 Early 2022"]
[White "Martinez Alcantara, Jose Eduardo"]
[Black "Beerdsen, Thomas"]
[WhiteFideId "3805662"]
[BlackFideId "1030108"]
[WhiteElo "2703"]
[BlackElo "2567"]
[Result "1-0"]
[Round "08"]
[TimeControl "180+1"]
[Date "2022.08.16"]
[WhiteClock "0:00:15"]
[BlackClock "0:00:08"]

1. e4 c5 2. Nf3 Nc6 3. c3 Nf6 4. Bd3 d5 5. e5 Ng4 6. Bb5 Bd7 7. Bxc6 bxc6 8. h3 Nh6 9. d3 e6 10. Qe2 Rb8 11. O-O Nf5 12. Bg5 Be7 13. Bxe7 Qxe7 14. b3 h5 15. Nh2 a5 16. Nd2 Bc8 17. Rfe1 Ba6 18. Ndf3 a4 19. bxa4 O-O 20. Qd2 Rb6 21. Rab1 Rfb8 22. Rxb6 Rxb6 23. g3 Qd8 24. Kg2 Qb8 25. Re2 Rb1 26. g4 hxg4 27. hxg4 Nh6 28. Ng5 Qd8 29. f4 Qa5 30. Qc2 Qb6 31. Rf2 Bc8 32. d4 g6 33. dxc5 Qb8 34. Qd3 Ra1 35. Qh3 Kg7 36. Nhf3 Qb1 37. Kg3 Ba6 38. Rh2 Kf8 39. Qxh6+ Ke7 40. Qg7 1-0


[Site "https://www.chess.com"]

[Event "Titled Tuesday Blitz August 16 Early 2022"]
[White "Martinez, Shawn"]
[Black "Johnson, Ben"]
[WhiteFideId "2039770"]
[BlackFideId "2010917"]
[WhiteElo "2174"]
[BlackElo "2050"]
[Result "1-0"]
[Round "08"]
[TimeControl "180+2"]
[Date "2022.08.18"]
[WhiteClock "0:00:00"]
[BlackClock "0:00:00"]

1. e4 c5 2. Nc3 Nc6 3. Bb5 Nd4 4. Nf3 a6 5. Bd3 Nc6 6. O-O d6 7. h3 Nf6 8. Re1 e5 9. Ne2 g6 10. Ng3 Bg7 11. c3 O-O 12. Bc2 Ne8 13. b3 Nc7 14. Bb2 Ne6 15. Ne2 Nf4 16. Nxf4 exf4 17. d4 cxd4 18. cxd4 g5 19. a3 h5 20. Qd3 g4 21. hxg4 hxg4 22. Nh2 Qh4 23. g3 fxg3 24. fxg3 Qh3 25. Rf1 Bd7 26. Rf2 Nxd4 27. Bxd4 Bxd4 28. Qxd4 Qxg3+ 29. Rg2 Qh3 30. Nxg4 Bxg4 31. Bd1 f5 32. exf5 Kf7 33. Bxg4 Qh6 34. Re1 Rg8 35. Qd5+ Kf8 36. Qe6 Qh4 37. Qxd6+ Kf7 38. Qd5+ Kf8 39. Qd6+ Kf7 40. Qe6+ Kf8 41. Bf3 Rxg2+ 42. Bxg2 Qd4+ 43. Kf1 Qf4+ 44. Kg1 Qd4+ 45. Re3 Qd1+ 46. Kh2 Qh5+ 47. Bh3 Re8 48. Qxe8+ Qxe8 49. Rxe8+ Kxe8 50. Kg3 Kf7 51. Kf4 1-0


[Site "https://www.chess.com"]

[Event "Titled Tuesday Blitz August 16 Early 2022"]
[White "Mendez Fortes, Eduardo Jesus"]
[Black "Pinheiro, Iung Alicio de O."]
[WhiteFideId "3502376"]
[BlackFideId "2104350"]
[WhiteElo "2307"]
[BlackElo "2283"]
[Result "1-0"]
[Round "08"]
[TimeControl "180+1"]
[Date "2022.08.16"]
[WhiteClock "0:01:22"]
[BlackClock "0:00:29"]

1. e4 c5 2. Nf3 Nc6 3. d4 cxd4 4. Nxd4 e5 5. Nb5 d6 6. N1c3 a6 7. Na3 b5 8. Nd5 Nge7 9. c4 Nxd5 10. cxd5 Nd4 11. Nc2 Bg4 12. Qd3 Nxc2+ 13. Qxc2 Rc8 14. Qd3 Bd7 15. Bd2 Be7 16. g3 O-O 17. Bg2 b4 18. Qxa6 Rc2 19. Be3 Qb8 20. Qd3 Rfc8 21. Qb3 Bb5 22. Bf1 Bd8 23. Bd3 Bxd3 24. Qxd3 Bb6 25. O-O Rxb2 26. Rfc1 Bxe3 27. Qxe3 h6 28. Rcb1 Rcc2 29. Rxb2 Rxb2 30. Qc1 Re2 31. Qc4 Qb6 32. Qxe2 1-0


[Site "https://www.chess.com"]

[Event "Titled Tuesday Blitz August 16 Early 2022"]
[White "Mika, Tomasz"]
[Black "Ronka, Erik"]
[WhiteFideId "1132970"]
[BlackFideId "505080"]
[WhiteElo "2157"]
[BlackElo "2248"]
[Result "1-0"]
[Round "08"]
[TimeControl "180+2"]
[Date "2022.08.18"]
[WhiteClock "0:00:00"]
[BlackClock "0:00:00"]

1. c4 e5 2. g3 Nc6 3. Bg2 g6 4. e3 Bg7 5. Ne2 d6 6. O-O Nf6 7. d4 O-O 8. Nbc3 Bf5 9. b3 Re8 10. Bb2 exd4 11. Nxd4 Nxd4 12. exd4 Ne4 13. Nd5 c6 14. Ne3 Bd7 15. Qc2 Nf6 16. d5 c5 17. Rfe1 Qc7 18. Re2 Re7 19. Rae1 Rae8 20. h3 Bc8 21. g4 a6 22. a4 Qd8 23. Bc3 Bd7 24. Qb2 Re5 25. f4 Re4 26. Bxe4 Rxe4 27. Ng2 Rxe2 28. Qxe2 Kf8 29. Qb2 Ne8 30. Rxe8+ Qxe8 31. Bxg7+ Kg8 32. Bc3 1-0


[Site "https://www.chess.com"]

[Event "Titled Tuesday Blitz August 16 Early 2022"]
[White "Mikhalsky, Vladimir"]
[Black "Bolanos, Fernando"]
[WhiteFideId "14144352"]
[BlackFideId "3304094"]
[WhiteElo "2301"]
[BlackElo "2086"]
[Result "1-0"]
[Round "08"]
[TimeControl "180+2"]
[Date "2022.08.18"]
[WhiteClock "0:00:00"]
[BlackClock "0:00:00"]

1. d4 Nf6 2. c4 c6 3. d5 g6 4. Nc3 Bg7 5. e4 O-O 6. Bd3 cxd5 7. cxd5 d6 8. Nge2 Nbd7 9. O-O a6 10. f3 b5 11. Be3 Nc5 12. Bc2 Bd7 13. b4 Na4 14. Nxa4 bxa4 15. Bxa4 Bb5 16. Bxb5 axb5 17. Nd4 Ra3 18. Qc1 Ra4 19. Nxb5 Rxb4 20. Rb1 Qa5 21. Na7 Bh6 22. Rxb4 Bxe3+ 23. Qxe3 Qxb4 24. Nc6 Qb7 25. Qb3 Qc7 26. a4 Nd7 27. Nxe7+ Kg7 28. Qb2+ f6 29. Nc6 Ne5 30. Rc1 Nxc6 31. dxc6 Rb8 32. Qxb8 Qxb8 33. c7 Qa7+ 34. Kh1 1-0


[Site "https://www.chess.com"]

[Event "Titled Tuesday Blitz August 16 Early 2022"]
[White "Mirimanian, Hayk"]
[Black "Harshavardhan G B"]
[WhiteFideId "4700180"]
[BlackFideId "25059009"]
[WhiteElo "2280"]
[BlackElo "1890"]
[Result "0-1"]
[Round "08"]
[TimeControl "180+2"]
[Date "2022.08.18"]
[WhiteClock "0:00:00"]
[BlackClock "0:00:00"]

1. e4 c5 2. Nf3 d6 3. d4 cxd4 4. Nxd4 Nf6 5. Nc3 a6 6. g3 e5 7. Nb3 Be7 8. Bg2 O-O 9. a4 Nc6 10. O-O Be6 11. h3 Rc8 12. Nd5 Bxd5 13. exd5 Nb8 14. a5 Nfd7 15. h4 f5 16. Qe2 Nf6 17. c4 Nbd7 18. Bd2 e4 19. Nd4 Ne5 20. Ne6 Qd7 21. Nxf8 Kxf8 22. b3 Bd8 23. Be3 Qf7 24. Bd4 Qg6 25. c5 f4 26. Qc2 fxg3 27. fxg3 Qxg3 28. Qf2 Nf3+ 29. Qxf3 exf3 30. Rxf3 Qxh4 31. Bf2 Qb4 32. Rc1 Bxa5 33. c6 Bb6 34. Bxb6 Qxb6+ 35. Kh1 Kg8 36. Bh3 Rc7 37. Be6+ Kf8 38. Rfc3 bxc6 39. Rxc6 Rxc6 40. dxc6 Ne8 41. Rf1+ Ke7 42. Bd5 Nc7 43. Rf7+ Ke8 44. Bc4 Qxc6+ 0-1


[Site "https://www.chess.com"]

[Event "Titled Tuesday Blitz August 16 Early 2022"]
[White "Mogirzan, Matei-Valeriu"]
[Black "Roman, Rodrigo"]
[WhiteFideId "1257455"]
[BlackFideId "3701220"]
[WhiteElo "1733"]
[BlackElo "2001"]
[Result "0-1"]
[Round "08"]
[TimeControl "180+2"]
[Date "2022.08.18"]
[WhiteClock "0:00:00"]
[BlackClock "0:00:00"]

1. e4 e5 2. Nf3 Nc6 3. b4 Bxb4 4. c3 Be7 5. d4 exd4 6. Bc4 Nf6 7. e5 d5 8. exf6 Bxf6 9. Bd3 dxc3 10. Qc2 Qe7+ 11. Be2 Nb4 12. Qa4+ Bd7 13. Qb3 c5 14. Nxc3 c4 15. Qd1 Bxc3+ 16. Bd2 Nd3+ 17. Kf1 Bxa1 18. Qxa1 O-O 19. h4 Bg4 20. h5 Rfe8 21. Bd1 d4 22. Qxd4 Bxf3 23. gxf3 Qc5 24. Qxc5 Nxc5 25. Bc3 b5 26. Rg1 g6 27. Bc2 a5 28. f4 Kf8 29. f5 gxf5 30. Bxf5 Ne6 31. Bf6 Red8 32. h6 Rd1+ 33. Kg2 Rxg1+ 34. Kxg1 b4 35. Bxh7 a4 36. Be4 Ra5 37. h7 Rh5 38. h8=Q+ Rxh8 39. Bxh8 Nc5 40. Bd5 c3 41. Bc4 Ne4 42. a3 b3 43. f3 c2 44. Bb2 Nd2 45. Bb5 Nxf3+ 46. Kf2 Ne5 47. Ke2 Ke7 0-1


[Site "https://www.chess.com"]

[Event "Titled Tuesday Blitz August 16 Early 2022"]
[White "Mouhamad, Joachim"]
[Black "Jiganchine, Roman"]
[WhiteFideId "656410"]
[BlackFideId "2603667"]
[WhiteElo "2147"]
[BlackElo "2205"]
[Result "1-0"]
[Round "08"]
[TimeControl "180+2"]
[Date "2022.08.18"]
[WhiteClock "0:00:00"]
[BlackClock "0:00:00"]

1. e4 c6 2. d4 d5 3. exd5 cxd5 4. Bd3 Nc6 5. c3 Nf6 6. Bf4 Bg4 7. Qb3 Qc8 8. Nd2 e6 9. Ngf3 Be7 10. O-O O-O 11. Ne5 Nxe5 12. Bxe5 Bh5 13. f4 Bg6 14. f5 exf5 15. Bxf6 Bxf6 16. Qxd5 Qe6 17. Qf3 Rfe8 18. Bxf5 Qb6 19. Bxg6 hxg6 20. Nb3 a5 21. Rf2 a4 22. Nc5 a3 23. b4 Re7 24. Re2 Rae8 25. Rae1 Rxe2 26. Rxe2 Rxe2 27. Qxe2 Bxd4+ 28. cxd4 Qxb4 29. Nb3 Qc3 30. h4 Qb2 31. Qxb2 axb2 32. Nd2 1-0


[Site "https://www.chess.com"]

[Event "Titled Tuesday Blitz August 16 Early 2022"]
[White "Munkhgal, Gombosuren"]
[Black "Hansen, Eric"]
[WhiteFideId "4901266"]
[BlackFideId "2606771"]
[WhiteElo "2576"]
[BlackElo "2568"]
[Result "0-1"]
[Round "08"]
[TimeControl "180+1"]
[Date "2022.08.16"]
[WhiteClock "0:00:01"]
[BlackClock "0:00:14"]

1. d4 Nf6 2. Bf4 g6 3. Nc3 d5 4. e3 Bg7 5. h4 h5 6. Nf3 Bg4 7. Be2 Bxf3 8. Bxf3 c6 9. O-O Nbd7 10. e4 e6 11. Re1 Nb6 12. Be5 O-O 13. Bxf6 Qxf6 14. e5 Qxh4 15. g3 Qe7 16. Ne2 Bh6 17. c3 f6 18. exf6 Qxf6 19. Bg2 Qxf2+ 20. Kh2 Nc4 21. Qd3 Rf5 22. Ng1 h4 23. g4 Rf6 24. Nh3 Qg3+ 25. Qxg3 hxg3+ 26. Kxg3 g5 27. Re2 Re8 28. Rae1 Kg7 29. b3 Nd6 30. Re5 Nf7 31. R5e2 Kg8 32. Re3 Bf8 33. Rf3 Bd6+ 34. Kf2 Kg7 35. Rxf6 Kxf6 36. Ke2 Rh8 37. Rf1+ Ke7 38. Kd2 Rh4 39. Nf2 Bg3 40. Ke2 Bxf2 41. Rxf2 Rxg4 42. Bf3 Rh4 43. Rg2 Kf6 44. Bg4 e5 45. Rf2+ Ke7 46. Bf5 exd4 47. cxd4 Rxd4 48. Bg6 Ne5 49. Bc2 Rf4 50. Rh2 Rh4 51. Rg2 Kf6 52. Rf2+ Rf4 53. Rh2 Ng4 54. Rh8 Rf2+ 55. Kd3 c5 56. Bd1 Ne5+ 57. Ke3 Rxa2 58. Rf8+ Ke7 59. Rb8 b6 60. Rb7+ Kf6 61. Bh5 g4 62. Be8 g3 63. Kf4 g2 0-1


[Site "https://www.chess.com"]

[Event "Titled Tuesday Blitz August 16 Early 2022"]
[White "Nazari, Arad"]
[Black "Iljin, Timofey"]
[WhiteFideId "12577324"]
[BlackFideId "14110180"]
[WhiteElo "2129"]
[BlackElo "2404"]
[Result "1-0"]
[Round "08"]
[TimeControl "180+1"]
[Date "2022.08.16"]
[WhiteClock "0:01:13"]
[BlackClock "0:00:01"]

1. e4 d5 2. exd5 Nf6 3. d4 Bg4 4. f3 Bf5 5. g4 Bg6 6. c4 e6 7. h4 exd5 8. Nc3 Bb4 9. h5 Be4 10. fxe4 Nxe4 11. Bd2 Nxd2 12. Qxd2 O-O 13. O-O-O Nd7 14. c5 Nf6 15. Bd3 b6 16. g5 Ne4 17. Bxe4 dxe4 18. g6 bxc5 19. gxh7+ Kh8 20. dxc5 Qe7 21. h6 g6 22. Qd4+ f6 23. Qxb4 Rab8 24. Qxe4 Qxc5 25. Qxg6 Qe3+ 26. Rd2 Qe1+ 27. Nd1 Qe7 28. Qg7+ Qxg7 29. hxg7+ Kxg7 30. Rd7+ Kg6 31. Nf3 Rh8 32. Nh4+ Kg5 33. Rg7+ Kf4 34. Ng6+ Ke4 35. Nxh8 Rxh8 36. Rg8 Rxh7 37. Rxh7 c5 38. Re7+ Kd5 39. Nc3+ Kc6 40. Re6+ Kd7 41. Rge8 c4 42. R8e7+ Kd8 43. Rh7 f5 44. Rg6 a5 45. Rg8# 1-0


[Site "https://www.chess.com"]

[Event "Titled Tuesday Blitz August 16 Early 2022"]
[White "Nugumanov, Bakhtiyar"]
[Black "Volkov, Maksim"]
[WhiteFideId "13701797"]
[BlackFideId "54123070"]
[WhiteElo "2287"]
[BlackElo "2155"]
[Result "0-1"]
[Round "08"]
[TimeControl "180+2"]
[Date "2022.08.18"]
[WhiteClock "0:00:00"]
[BlackClock "0:00:00"]

1. Nf3 d5 2. g3 Bg4 3. Bg2 e6 4. c4 c6 5. cxd5 Bxf3 6. Bxf3 cxd5 7. O-O Nf6 8. d4 Nc6 9. e3 Bd6 10. Nc3 O-O 11. Bd2 Rc8 12. Rc1 a6 13. Na4 e5 14. dxe5 Nxe5 15. Bg2 Ne4 16. Qe2 f5 17. Rfd1 Be7 18. Bc3 Nc4 19. b3 Nb6 20. Ba5 Bc5 21. b4 Bxb4 22. Rxc8 Qxc8 23. Nxb6 Nc3 24. Bxd5+ Kh8 25. Qc2 Qc5 26. Bxb4 Qxb4 27. Nc4 Rd8 28. Rd4 Nxd5 29. Nd2 Qf8 30. Qb3 Nf6 31. Qxb7 Rxd4 32. exd4 Qd6 33. Qa8+ Ng8 34. Nf3 h5 35. Kg2 h4 36. Nxh4 Qxd4 37. Ng6+ Kh7 38. Nf8+ Kh6 39. Qc6+ Nf6 40. Ne6 Qb2 41. Qf3 g6 42. Qf4+ Kh7 43. Qh4+ Nh5 44. Qe7+ Kh6 45. Qf8+ Kh7 46. Qf7+ Kh6 47. Nf8 Qg7 48. Qe8 Nf6 49. h4 Nxe8 50. Ne6 Qe5 51. Nf4 Qe4+ 52. f3 Qc2+ 53. Kh3 Nf6 54. g4 fxg4+ 55. fxg4 Qc3+ 56. Kg2 Nxg4 57. Ne2 0-1


[Site "https://www.chess.com"]

[Event "Titled Tuesday Blitz August 16 Early 2022"]
[White "O`Gorman, Tom"]
[Black "Carrasco Miranda, Andres"]
[WhiteFideId "2508249"]
[BlackFideId "3405990"]
[WhiteElo "2270"]
[BlackElo "2177"]
[Result "1-0"]
[Round "08"]
[TimeControl "180+2"]
[Date "2022.08.18"]
[WhiteClock "0:00:00"]
[BlackClock "0:00:00"]

1. Nf3 Nf6 2. g3 g6 3. Bg2 Bg7 4. O-O O-O 5. d4 d5 6. c4 c6 7. cxd5 cxd5 8. Nc3 Nc6 9. Ne5 Nd7 10. f4 e6 11. e4 dxe4 12. Bxe4 Qb6 13. Nxc6 bxc6 14. Be3 Nf6 15. Bg2 Nd5 16. Bf2 Qxb2 17. Na4 Qa3 18. Rc1 Ba6 19. Re1 Bb5 20. Nc5 Nc3 21. Qd2 Ne2+ 22. Rxe2 Bxe2 23. Rc3 Qb4 24. a3 Qb5 25. Rb3 Qc4 26. Rb4 Rad8 27. Rxc4 Bxc4 28. Bxc6 Rc8 29. Bf3 Rfd8 30. Qb4 1-0


[Site "https://www.chess.com"]

[Event "Titled Tuesday Blitz August 16 Early 2022"]
[White "Omariev, Maksim"]
[Black "Kohler, Aran"]
[WhiteFideId "4193423"]
[BlackFideId "1002856"]
[WhiteElo "2304"]
[BlackElo "2060"]
[Result "0-1"]
[Round "08"]
[TimeControl "180+2"]
[Date "2022.08.18"]
[WhiteClock "0:00:00"]
[BlackClock "0:00:00"]

1. e4 d6 2. d4 g6 3. Nc3 Bg7 4. f4 a6 5. Be3 Nh6 6. h3 f5 7. e5 e6 8. Be2 Qh4+ 9. Kf1 b5 10. Nf3 Qe7 11. d5 Bb7 12. dxe6 Qxe6 13. Ng5 Qe7 14. Nd5 Bxd5 15. Qxd5 c6 16. Qe6 Nf7 17. Qc8+ Nd8 18. Rd1 d5 19. Bb6 O-O 20. e6 h6 21. Nf3 Nxe6 22. Qxf8+ Nxf8 23. g3 Nbd7 24. Bf2 Nf6 25. Bd3 Ne4 26. Kg2 Nd7 27. Rhe1 Ndf6 28. Bd4 c5 29. Be5 c4 30. Bf1 Rd8 31. c3 Ne8 32. Bxg7 Qxg7 33. Ne5 Qf6 34. Be2 h5 35. h4 Nc5 36. Bf3 Ne4 37. Bxe4 fxe4 38. Rd4 Ng7 39. Red1 Nf5 40. Rxd5 Rxd5 41. Rxd5 Ne3+ 42. Kf2 Nxd5 43. Ke2 e3 44. Kf3 Qf5 0-1


[Site "https://www.chess.com"]

[Event "Titled Tuesday Blitz August 16 Early 2022"]
[White "Omelja, Artem"]
[Black "Fernandez Siles, Luis"]
[WhiteFideId "14119846"]
[BlackFideId "2209420"]
[WhiteElo "2382"]
[BlackElo "2211"]
[Result "1-0"]
[Round "08"]
[TimeControl "180+2"]
[Date "2022.08.18"]
[WhiteClock "0:00:00"]
[BlackClock "0:00:00"]

1. d4 Nf6 2. c4 g6 3. Nc3 Bg7 4. e4 d6 5. f3 O-O 6. Nge2 e5 7. Be3 c6 8. Qd2 Nbd7 9. O-O-O a6 10. g4 h5 11. gxh5 Nxh5 12. Ng3 Nf4 13. Bxf4 exf4 14. Qxf4 c5 15. Nd5 cxd4 16. Qxd6 Re8 17. Qc7 Qh4 18. Be2 d3 19. Bxd3 b5 20. c5 Be5 21. Qc6 Rb8 22. Nb6 Re6 23. Qd5 Nxb6 24. cxb6 Kg7 25. Kb1 Rbxb6 26. Rhg1 Rbd6 27. Nf5+ Kf6 28. Nxd6 Rxd6 29. Qb3 Be6 30. Qc2 Qf4 31. Be2 Qe3 32. Rxd6 Qxg1+ 33. Rd1 Qc5 34. Qxc5 g5 35. Qb6 Bf4 36. Qd8+ Kg7 37. Qd4+ Kg6 38. Rc1 Bxa2+ 39. Kxa2 Be5 40. Qxe5 f6 41. Rc6 Kh5 42. Qf5 Kh4 43. Rc7 1-0


[Site "https://www.chess.com"]

[Event "Titled Tuesday Blitz August 16 Early 2022"]
[White "Oparin, Grigoriy"]
[Black "Mitrabha, Guha"]
[WhiteFideId "24125890"]
[BlackFideId "5057000"]
[WhiteElo "2639"]
[BlackElo "2499"]
[Result "1/2-1/2"]
[Round "08"]
[TimeControl "180+1"]
[Date "2022.08.16"]
[WhiteClock "0:00:14"]
[BlackClock "0:00:16"]

1. e4 c6 2. Nc3 d5 3. Nf3 dxe4 4. Nxe4 Nf6 5. Qe2 Nxe4 6. Qxe4 Be6 7. b3 Nd7 8. Bc4 Nf6 9. Qe3 Bf5 10. O-O e6 11. Bb2 Be7 12. Nh4 Bxc2 13. d3 b5 14. Rac1 bxc4 15. Rxc2 cxb3 16. axb3 Qd5 17. Nf3 O-O 18. Nd2 Qd7 19. Rfc1 Rac8 20. Bxf6 Bxf6 21. Ne4 Be7 22. g3 Rfd8 23. Rc3 h6 24. h4 a5 25. Nc5 Qd5 26. Qf4 Bxc5 27. Rxc5 Qxb3 28. Rxa5 Rxd3 29. Ra7 Rf8 30. Rc7 Rd1+ 31. Rxd1 Qxd1+ 32. Kg2 Qd5+ 33. Qf3 c5 34. Qxd5 exd5 35. Rxc5 Rd8 36. Kf3 g6 37. Ke3 Kg7 38. Kd4 Kf6 39. f3 Ke6 40. Rc6+ Rd6 41. Rc8 h5 42. Re8+ Kf6 43. Re5 Ra6 44. Rxd5 Ra2 45. Ke3 Rg2 46. Kf4 Ra2 47. Rd6+ 1/2-1/2


[Site "https://www.chess.com"]

[Event "Titled Tuesday Blitz August 16 Early 2022"]
[White "Orlov, Georgi"]
[Black "Demchenko, Anton"]
[WhiteFideId "2011271"]
[BlackFideId "4160258"]
[WhiteElo "2584"]
[BlackElo "2539"]
[Result "0-1"]
[Round "08"]
[TimeControl "180+1"]
[Date "2022.08.16"]
[WhiteClock "0:00:19"]
[BlackClock "0:00:45"]

1. d3 d6 2. Nf3 Nf6 3. g3 g6 4. Bg2 Bg7 5. O-O O-O 6. c4 Nbd7 7. Nc3 a5 8. a3 c6 9. Rb1 Nb6 10. h3 a4 11. Be3 Nfd7 12. Qd2 Re8 13. Bh6 Bh8 14. e4 Nc5 15. Be3 e5 16. Ne1 Nb3 17. Qd1 Nd4 18. f4 exf4 19. Bxf4 Nd7 20. Nxa4 Be5 21. Nc3 Nc5 22. Nf3 Nxf3+ 23. Qxf3 Qe7 24. Rbd1 Ne6 25. Kh2 h5 26. Bc1 h4 27. Ne2 hxg3+ 28. Kh1 c5 29. Nxg3 Nd4 30. Qf2 Be6 31. Ne2 Kg7 32. Nf4 Rh8 33. Nxe6+ Qxe6 34. Bf4 Rxh3+ 35. Bxh3 Qxh3+ 36. Qh2 Qe6 37. Bxe5+ dxe5 38. Qg3 Ne2 39. Qf3 Rh8+ 40. Kg2 Nf4+ 41. Kg1 Rh3 0-1


[Site "https://www.chess.com"]

[Event "Titled Tuesday Blitz August 16 Early 2022"]
[White "Pakleza, Zbigniew"]
[Black "Gheorghiu, Calin"]
[WhiteFideId "1119290"]
[BlackFideId "1200305"]
[WhiteElo "2411"]
[BlackElo "2168"]
[Result "1-0"]
[Round "08"]
[TimeControl "180+1"]
[Date "2022.08.16"]
[WhiteClock "0:00:18"]
[BlackClock "0:00:02"]

1. d4 Nf6 2. Nf3 d5 3. Bf4 e6 4. e3 Bd6 5. Bg3 O-O 6. Nbd2 c5 7. c3 b6 8. Ne5 Bb7 9. f4 Ne4 10. Nxe4 dxe4 11. Nc4 cxd4 12. Nxd6 Qxd6 13. Qxd4 Qe7 14. O-O-O a5 15. f5 Nc6 16. Qxb6 exf5 17. Bd6 Qe6 18. Bxf8 Rxf8 19. Qxb7 Ne5 20. Qb3 Qc6 21. Qb5 Qc7 22. Be2 Rb8 23. Qd5 Qb6 24. Qd2 a4 25. Kb1 g6 26. a3 Nd7 27. Qc2 Nc5 28. Rd4 Nb3 29. Rb4 Qxe3 30. Rxb8+ 1-0


[Site "https://www.chess.com"]

[Event "Titled Tuesday Blitz August 16 Early 2022"]
[White "Papayan, Oleg"]
[Black "Kambrath, Yannick"]
[WhiteFideId "4193911"]
[BlackFideId "20632525"]
[WhiteElo "2038"]
[BlackElo "2236"]
[Result "0-1"]
[Round "08"]
[TimeControl "180+2"]
[Date "2022.08.18"]
[WhiteClock "0:00:00"]
[BlackClock "0:00:00"]

1. e4 c5 2. Nf3 e6 3. g3 b5 4. Bxb5 Bb7 5. Nc3 Nf6 6. d3 Be7 7. O-O O-O 8. Qe2 Nc6 9. e5 Ne8 10. Ne4 Qb6 11. a4 d5 12. exd6 Nxd6 13. Bf4 Nxb5 14. axb5 Qxb5 15. b3 Rfd8 16. h4 Nd4 17. Nxd4 cxd4 18. Ra4 a6 19. Rc4 Rd7 20. f3 Bd5 21. Ra4 Bb7 22. Kh2 f6 23. Rfa1 e5 24. Bd2 Qd5 25. Rc4 f5 26. Ra5 fxe4 27. Rxd5 Bxd5 28. Ra4 e3 29. Bb4 Rf8 30. Bxe7 Rxe7 31. f4 exf4 32. Rxd4 f3 33. Qe1 f2 0-1


[Site "https://www.chess.com"]

[Event "Titled Tuesday Blitz August 16 Early 2022"]
[White "Pastar, Slaven"]
[Black "Costachi, Mihnea"]
[WhiteFideId "14402718"]
[BlackFideId "1217518"]
[WhiteElo "2248"]
[BlackElo "2437"]
[Result "0-1"]
[Round "08"]
[TimeControl "180+2"]
[Date "2022.08.18"]
[WhiteClock "0:00:00"]
[BlackClock "0:00:00"]

1. b3 a5 2. Bb2 a4 3. b4 e6 4. a3 d5 5. e3 Nf6 6. Nf3 c5 7. bxc5 Bxc5 8. c4 O-O 9. Nc3 Qa5 10. cxd5 Nxd5 11. Nxd5 exd5 12. Bd3 Nc6 13. Ng5 h6 14. h4 d4 15. Nxf7 Rxf7 16. Bc4 Ne5 17. Bxf7+ Nxf7 18. O-O Qd8 19. Qh5 b6 20. exd4 Bxd4 21. Bxd4 Qxd4 22. Rac1 Bb7 23. Rc7 Qd5 24. Qxd5 Bxd5 25. Rb1 Bb3 26. Rb7 Nd6 27. Rxb6 Nc4 28. Rb7 Nxa3 29. Re1 Nc2 30. Ree7 Nd4 31. Rxg7+ Kf8 32. Rh7 Bg8 33. Ra7 Rxa7 34. Rxa7 Bb3 35. Kf1 Nc2 36. d4 a3 37. Ke2 a2 38. Kf3 a1=Q 0-1


[Site "https://www.chess.com"]

[Event "Titled Tuesday Blitz August 16 Early 2022"]
[White "Petrova, Irina"]
[Black "Lehtosaari, Mauri"]
[WhiteFideId "14124122"]
[BlackFideId "501999"]
[WhiteElo "2021"]
[BlackElo "2200"]
[Result "0-1"]
[Round "08"]
[TimeControl "180+2"]
[Date "2022.08.18"]
[WhiteClock "0:00:00"]
[BlackClock "0:00:00"]

1. e4 d5 2. exd5 Qxd5 3. Nc3 Qe5+ 4. Be2 c6 5. d4 Qc7 6. Nf3 Bf5 7. O-O e6 8. Re1 Be7 9. Ne5 Nf6 10. Bf4 Qd8 11. Qd2 O-O 12. Rad1 Nbd7 13. Bf3 Nb6 14. g4 Bg6 15. h4 h5 16. Nxg6 fxg6 17. Rxe6 hxg4 18. Bg2 Nh5 19. Bg3 Bxh4 20. Rxg6 Nxg3 21. fxg3 Bxg3 22. Rxg4 Bf2+ 23. Kh1 Rf6 24. Rf1 Qf8 25. Qg5 Re8 26. Ne4 Rxe4 27. Rxe4 Rh6+ 28. Bh3 Rxh3+ 29. Kg2 Qf3# 0-1


[Site "https://www.chess.com"]

[Event "Titled Tuesday Blitz August 16 Early 2022"]
[White "Petrovic, Aleksa"]
[Black "Shohat, Yotam"]
[WhiteFideId "967629"]
[BlackFideId "2813955"]
[WhiteElo "2262"]
[BlackElo "2119"]
[Result "1-0"]
[Round "08"]
[TimeControl "180+2"]
[Date "2022.08.18"]
[WhiteClock "0:00:00"]
[BlackClock "0:00:00"]

1. d4 Nf6 2. c4 g6 3. f3 Bg7 4. e4 O-O 5. Nc3 d6 6. Nge2 e5 7. Bg5 h6 8. Be3 exd4 9. Nxd4 Nc6 10. Qd2 Kh7 11. Be2 Be6 12. O-O Nd7 13. Rad1 Nxd4 14. Bxd4 Bxd4+ 15. Qxd4 Qf6 16. Qxf6 Nxf6 17. Rd4 g5 18. f4 gxf4 19. Rxf4 Nd7 20. Rd1 Ne5 21. b3 a6 22. Nd5 Bxd5 23. Rxd5 Rae8 24. Bh5 Kg7 25. Kf2 c6 26. Rxd6 Rd8 27. Rxd8 Rxd8 28. Ke3 Rd3+ 29. Ke2 Rc3 30. Kd2 Rd3+ 31. Ke2 Rc3 32. Rxf7+ Nxf7 33. Kd2 Rxb3 34. axb3 Ne5 35. Ke3 c5 36. h4 Kf6 37. g4 Nc6 38. Kf4 Nd4 39. g5+ hxg5+ 40. hxg5+ Ke6 41. Bg4+ Kf7 42. Bd1 Kg6 43. e5 Ne6+ 44. Ke4 b6 45. Kd5 Nf4+ 46. Kc6 1-0


[Site "https://www.chess.com"]

[Event "Titled Tuesday Blitz August 16 Early 2022"]
[White "Piesik, Piotr"]
[Black "Samunenkov, Ihor"]
[WhiteFideId "1136194"]
[BlackFideId "14187086"]
[WhiteElo "2221"]
[BlackElo "2441"]
[Result "0-1"]
[Round "08"]
[TimeControl "180+1"]
[Date "2022.08.16"]
[WhiteClock "0:02:06"]
[BlackClock "0:01:20"]

1. Nf3 Nf6 2. g3 c5 3. Bg2 Nc6 4. O-O e5 5. d3 d5 6. Nbd2 Be7 7. e4 O-O 8. c3 Re8 9. exd5 Nxd5 10. Re1 Bf8 11. Nc4 f6 12. a4 Be6 13. a5 Kh8 14. Qa4 Qd7 15. Nfd2 Rad8 16. a6 b6 17. Na3 Nde7 18. Ndc4 Bd5 19. Bf1 Nd4 0-1


[Site "https://www.chess.com"]

[Event "Titled Tuesday Blitz August 16 Early 2022"]
[White "Popilski, Gil"]
[Black "Csonka, Balazs"]
[WhiteFideId "2809060"]
[BlackFideId "742910"]
[WhiteElo "2537"]
[BlackElo "2404"]
[Result "0-1"]
[Round "08"]
[TimeControl "180+1"]
[Date "2022.08.16"]
[WhiteClock "0:00:41"]
[BlackClock "0:00:04"]

1. d4 Nf6 2. c4 e6 3. Nf3 d5 4. Nc3 c6 5. Bg5 dxc4 6. e4 b5 7. e5 h6 8. Bh4 g5 9. Nxg5 hxg5 10. Bxg5 Nbd7 11. g3 Bb7 12. Bg2 Qb6 13. exf6 O-O-O 14. O-O c5 15. d5 b4 16. Re1 bxc3 17. bxc3 exd5 18. Rb1 Qc6 19. Rxb7 Qxb7 20. Bxd5 Qc7 21. Bxf7 Bh6 22. Qg4 Bxg5 23. Qxg5 Qd6 24. Re6 Qd1+ 25. Kg2 Rxh2+ 26. Kxh2 Rh8+ 27. Qh4 Rxh4+ 28. gxh4 Qg4 29. Rc6+ Kd8 30. Be6 Qxh4+ 31. Kg1 Nxf6 32. Rxc5 Ne4 33. Rf5 Ke7 34. Bc8 Nxc3 35. Rf3 Ne4 36. Re3 Kd6 37. Re2 c3 38. Bb7 Nxf2 39. Kf1 Ng4 40. Be4 Ne5 41. Bc2 Qf4+ 42. Kg2 Qf3+ 0-1


[Site "https://www.chess.com"]